 Dungeon Crawl Stone Soup version 0.21-a0-216-g6d3fd91 (webtiles) character file.

20246 Gorglomux the Cleaver (level 12, -4/110 HPs)
             Began as a Hill Orc Earth Elementalist on Aug 23, 2017.
             Was a High Priest of Okawaru.
             Slain by a shadow wraith (12 damage)
             ... on level 1 of the Abyss.
             The game lasted 00:52:22 (24068 turns).

Gorglomux the Cleaver (HOEE)                       Turns: 24068, Time: 00:52:23

Health: -4/110     AC: 14    Str: 16    XL:     12   Next: 77%
Magic:  14/18      EV: 10    Int: 20    God:    Okawaru [*****.]
Gold:   824        SH: 13    Dex: 11    Spells: 13/14 levels left

rFire    . . .     SeeInvis .   b - +0 war axe
rCold    . . .     Gourm    .   G - +0 shield
rNeg     . . .     Faith    .   Y - +0 chain mail
rPois    .         Spirit   .   (no helmet)
rElec    +         Reflect  .   R - +0 cloak
rCorr    .         Harm     .   (no gloves)
MR       +....                  (no boots)
Stlth    ..........             (no amulet)
HPRegen  0.28/turn              x - ring "Lelaj" {Wiz *Contam +Inv rElec Int+5}
MPRegen  0.16/turn              m - ring of protection from magic

@: heroism, finesse, slowed, very slow
A: no striking features
a: Heroism, Finesse, Renounce Religion, Evoke Invisibility


You were on level 1 of the Abyss.
You worshipped Okawaru.
Okawaru was extremely pleased with you.
You were hungry.

You visited 2 branches of the dungeon, and saw 12 of its levels.
You visited the Abyss 1 time.
You also visited: Ossuary.

You collected 824 gold pieces.

Inventory:

Hand Weapons
 a - a +1 dagger of venom
 b - a +0 war axe (weapon)
 s - a +0 hand axe
Missiles
 N - 7 tomahawks (quivered)
 Z - 2 throwing nets
Armour
 G - a +0 shield (worn)
 R - a +0 cloak (worn)
 Y - a +0 chain mail (worn)
Jewellery
 l - an uncursed ring of flight
 m - a ring of protection from magic (right hand)
 x - the ring "Lelaj" (left hand) {Wiz *Contam +Inv rElec Int+5}
   (You found it on level 8 of the Dungeon)

   [ring of wizardry]

   It improves your spell success rate.
   It affects your intelligence (+5).
   It insulates you from electricity.
   It lets you turn invisible.
   It causes magical contamination when unequipped.
 V - a +3 ring of protection
Wands
 A - a wand of acid (7/15)
 C - a wand of confusion (16/48)
 D - a wand of digging (17/24)
 E - a wand of enslavement (6/24)
 I - a wand of iceblast (0/15)
 P - a wand of paralysis (5/24)
 S - a wand of scattershot (1/9)
 X - a wand of enslavement (9/24)
Scrolls
 f - 2 scrolls of enchant weapon
 p - a scroll of enchant armour {unknown}
 q - a scroll of random uselessness {unknown}
 u - a scroll of fog {unknown}
 y - a scroll of recharging
 F - a scroll of fear {unknown}
 H - 2 scrolls of blinking {unknown}
 J - 5 scrolls of remove curse
 M - 4 scrolls of magic mapping
 O - a scroll of amnesia {unknown}
 T - 2 scrolls of teleportation
 U - 3 scrolls of immolation
 W - a scroll of holy word {unknown}
Potions
 r - a potion of agility
 w - 2 potions of magic
 B - 2 potions of resistance
 K - 4 potions of mutation {!q}
 L - a potion of might {unknown}
 Q - 2 potions of curing
Comestibles
 d - 9 bread rations
 n - 2 fruits
 o - a royal jelly
 z - 5 meat rations


   Skills:
 + Level 11.3(16.3) Fighting
 - Level 14.1(19.1) Axes
 + Level 9.4(14.4) Armour
 - Level 1.5(6.5) Dodging
 - Level 1.5(6.5) Stealth
 - Level 10.3(15.3) Shields
 - Level 1.5 Spellcasting
   Level 0.6 Transmutations
 - Level 3.0 Earth Magic
 + Level 8.2 Invocations
 + Level 3.0 Evocations


You had 13 spell levels left.
You knew the following spells:

 Your Spells              Type           Power        Failure   Level  Hunger
a - Sandblast             Erth           ##....       16%         1    #......


Dungeon Overview and Level Annotations

Branches:
Dungeon (11/15)            Temple (1/1) D:7            Lair (0/6) D:10
    Orc: D:9-12

Altars:
Ashenzari
Cheibriados
Dithmenos
Elyvilon
Fedhas
Gozag
Hepliaklqana
Kikubaaqudgha
Makhleb
Nemelex Xobeh
Okawaru
Qazlal
Ru
Trog
Uskayaw
Vehumet
Wu Jian
Xom
Yredelemnul
Zin
The Shining One

Shops:
D:8 }

Portals:
Trove: D:10 (give 2 scrolls of acquirement)


Message History

You feel as though you will be slow longer!
You feel much better! Something hits you but does no damage!
You carve something but do no damage! Something hits you!!! * * * don't die
* * * Something drains your vigour!!!
You feel as though you will be slow longer!
You slice something but do no damage!
Butt block something's attack!
You closely miss something! You cut something into ribbons!!!
Something hits you!!! * * * don't die
* * * Something drains your vigour!!!
You feel as though you will be slow longer!
You slice something like a ripe choko!!!
You closely miss something! You open something like a pillowcase!!!
You block something's attack!
You closely miss something! You cut something into ribbons!!!
Butt hits you! * * * don't die
* * * You chop something but do no damage!
Something hits you!!! rip

..# .#.
#.. ...
#.## ..#
##.###
#@#..##
##{...##.#
###.#...#
#....# #.#
##..######
#.##. #
##.. ..
.#...# # #
# ..# .


There were no monsters in sight!

Vanquished Creatures
  A balrug (Abyss:1)
  2 hydras (D:11)
  A vault guard (D:10)
  4 two-headed ogres
  A deep elf archer (D:9)
  Pikel (D:8)
  An ugly thing (D:11)
  A cyclops (D:9)
  A kobold demonologist (D:10)
  A merfolk (D:10)
  4 trolls
  A blink frog (Abyss:1)
  2 hornets
  5 hippogriffs
  A shadow (D:11)
  9 yaks
  A vampire (Abyss:1)
  A wyvern (D:11)
  A large abomination (Abyss:1)
  2 wraiths (D:10)
  A small abomination (Abyss:1)
  2 hell hounds (D:10)
  An acid dragon (D:11)
  3 phantoms
  A black bear (D:10)
  2 ice beasts
  2 sky beasts
  11 orc warriors
  2 centaurs
  8 ogres
  2 elf zombies (Ossuary)
  A big kobold (D:10)
  9 bullfrogs
  A wyvern skeleton (D:10)
  6 scorpions
  A water moccasin skeleton (D:10)
  4 wights (D:9)
  16 killer bees
  5 howler monkeys
  7 jellies
  2 centaur zombies
  2 crimson imps
  2 bullfrog zombies
  5 centaur skeletons
  11 orc priests
  6 hounds
  A human zombie (Ossuary)
  3 bullfrog skeletons
  An iron imp (Abyss:1)
  2 iguanas
  15 orc wizards
  8 worker ants
  2 hound skeletons
  A mummy (Ossuary)
  3 worker ant zombies
  2 howler monkey zombies
  7 gnolls
  15 adders
  2 shadow imps
  10 oozes
  3 worms
  4 adder skeletons
  An adder zombie (D:5)
  3 dart slugs
  8 leopard geckos
  62 orcs
  3 giant cockroaches
  6 goblins
  9 hobgoblins
  8 jackals
  21 kobolds
  6 quokkas
  4 ball pythons
  13 bats
  4 frilled lizards
  A jackal skeleton (D:4)
  A quokka zombie (D:8)
  6 rats
  2 rat zombies (D:5)
391 creatures vanquished.

Vanquished Creatures (others)
  A raiju (Abyss:1)
  A slave (D:8)
  A killer bee (D:8)
  2 starspawn tentacles (Abyss:1)
  9 toadstools (D:3)
14 creatures vanquished.

Grand Total: 405 creatures vanquished

Notes
Turn   | Place    | Note
-------+----------+-------------------------------------------
     0 | D:1      | Gorglomux the Hill Orc Earth Elementalist began the quest for the Orb.
     0 | D:1      | Reached XP level 1. HP: 14/14 MP: 3/3
    31 | D:1      | Reached skill level 1 in Fighting
   180 | D:1      | Reached XP level 2. HP: 24/24 MP: 2/4
   682 | D:1      | Reached skill level 3 in Fighting
   682 | D:1      | Reached XP level 3. HP: 3/31 MP: 1/5
  1201 | D:2      | Found a shadowy altar of Dithmenos.
  1363 | D:2      | Reached XP level 4. HP: 39/40 MP: 2/6
  2125 | D:2      | Found a blossoming altar of Fedhas.
  2126 | D:2      | Found an ancient bone altar of Kikubaaqudgha.
  2653 | D:3      | Reached XP level 5. HP: 13/48 MP: 5/7
  3360 | D:3      | Reached skill level 6 in Fighting
  3540 | D:3      | Reached XP level 6. HP: 26/58 MP: 8/8
  4277 | D:4      | Found a snail-covered altar of Cheibriados.
  4709 | D:4      | Reached XP level 7. HP: 50/68 MP: 9/9
  5108 | D:4      | Reached skill level 9 in Fighting
  5548 | D:5      | Entered Level 5 of the Dungeon
  5624 | D:5      | Found a sand-covered staircase.
  5648 | Ossuary  | Entered an ossuary
  5683 | Ossuary  | Reached skill level 1 in Armour
  6238 | Ossuary  | Reached skill level 3 in Armour
  6238 | Ossuary  | Reached XP level 8. HP: 48/78 MP: 10/10
  7640 | D:6      | Reached skill level 1 in Axes
  7813 | D:6      | Reached skill level 2 in Axes
  8051 | D:6      | Reached skill level 3 in Axes
  8078 | D:6      | HP: 1/78 [crimson imp (4)]
  8083 | D:6      | HP: 3/78 [crimson imp (3)]
  8093 | D:6      | HP: 1/78 [crimson imp (4)]
  8165 | D:6      | Reached skill level 6 in Armour
  8904 | D:5      | Reached skill level 4 in Axes
  9772 | D:5      | Reached skill level 5 in Axes
  9836 | D:5      | Reached XP level 9. HP: 78/84 MP: 11/11
 10102 | D:6      | Reached skill level 1 in Shields
 10225 | D:6      | Reached skill level 6 in Axes
 10365 | D:6      | You fall through a shaft for 3 floors!
 10626 | D:9      | Found a shimmering altar of Xom.
 10725 | D:8      | Noticed a two-headed ogre
 10730 | D:8      | Found Quddamif's Gadget Boutique.
 10761 | D:8      | Noticed a two-headed ogre
 10763 | D:8      | Noticed a two-headed ogre
 10854 | D:6      | Reached skill level 3 in Shields
 10923 | D:5      | Reached skill level 7 in Axes
 11509 | D:6      | Reached skill level 8 in Axes
 12173 | D:7      | Found a shimmering altar of Xom.
 12576 | D:7      | Reached skill level 9 in Axes
 12602 | D:7      | Reached skill level 6 in Shields
 12602 | D:7      | Reached XP level 10. HP: 46/91 MP: 12/12
 13552 | D:7      | Found a staircase to the Ecumenical Temple.
 13637 | Temple   | Entered the Ecumenical Temple
 13682 | Temple   | Became a worshipper of Warmaster Okawaru
 13805 | D:7      | Found a sacrificial altar of Ru.
 13805 | D:7      | Found a hazy altar of Hepliaklqana.
 13904 | D:7      | Killed a two-headed ogre
 13904 | D:7      | Reached skill level 10 in Axes
 14113 | D:8      | Killed a two-headed ogre
 14113 | D:8      | Reached * piety under Okawaru
 14316 | D:8      | Reached skill level 11 in Axes
 14606 | D:8      | Got an ancient tin ring
 14787 | D:8      | Found a white marble altar of Elyvilon.
 14815 | D:8      | Noticed Pikel
 14817 | D:8      | HP: 3/91 [slave[Pikel] (4)]
 14859 | D:8      | HP: 2/91 [orc warrior/short sword (14)]
 15247 | D:8      | Found a stormy altar of Qazlal.
 15247 | D:8      | Found a glowing silver altar of Zin.
 15632 | D:8      | Killed Pikel
 15632 | D:8      | Reached skill level 12 in Axes
 15632 | D:8      | Reached skill level 9 in Shields
 15632 | D:8      | Reached XP level 11. HP: 93/97 MP: 13/13
 16074 | D:9      | Reached ** piety under Okawaru
 16238 | D:9      | Noticed a cyclops
 16242 | D:9      | Noticed a deep elf archer
 16496 | D:8      | Identified the ring "Lelaj" {Wiz *Contam +Inv rElec Int+5} (You found it on level 8 of the Dungeon)
 17595 | D:9      | Killed a cyclops
 17595 | D:9      | Reached skill level 13 in Axes
 17595 | D:9      | Reached skill level 1 in Invocations
 17900 | D:9      | Killed a deep elf archer
 17900 | D:9      | Reached *** piety under Okawaru
 18432 | D:10     | Entered Level 10 of the Dungeon
 18886 | D:10     | Found a staircase to the Lair.
 18905 | D:10     | Reached skill level 3 in Invocations
 19035 | D:10     | Noticed a vault guard
 19072 | D:10     | Killed a vault guard
 19095 | D:10     | Found a portal to a secret trove of treasure.
 19313 | D:10     | Paralysed by a hornet for 1 turns
 19319 | D:10     | Paralysed by a hornet for 3 turns
 20944 | D:11     | Noticed a four-headed hydra
 21377 | D:11     | Reached XP level 12. HP: 105/106 MP: 12/15
 21455 | D:11     | Noticed a two-headed ogre
 21480 | D:11     | Killed a two-headed ogre
 21480 | D:11     | Reached **** piety under Okawaru
 21827 | D:10     | Killed a two-headed ogre
 21827 | D:10     | Reached skill level 14 in Axes
 21827 | D:10     | Reached skill level 6 in Invocations
 22172 | D:11     | Killed a four-headed hydra
 23019 | D:11     | Reached skill level 1 in Evocations
 23483 | D:11     | Noticed a six-headed hydra
 23597 | D:11     | Killed a six-headed hydra
 23597 | D:11     | Reached skill level 9 in Armour
 23600 | D:11     | Cast into level 1 of the Abyss (orc)
 23673 | Abyss:1  | Noticed a balrug
 23688 | Abyss:1  | Killed a balrug
 23688 | Abyss:1  | Reached ***** piety under Okawaru
 23983 | Abyss:1  | Reached skill level 3 in Evocations
 24068 | Abyss:1  | Slain by a shadow wraith

Vault maps used:
D:1:      co_arrival_random_square_maze, minmay_statues_item
D:2:      grunt_temple_overflow_growth_and_decay,
          grunt_dithmenos_smoke_and_mirrors, first_bread
D:3:      cheibrodos_fertilizer
D:4:      old_standard_altar, hex_tiny
D:5:      kennysheep_spiral_hall, enter_ossuary_4, guppyfry_early_orc_mine
D:7:      gammafunk_temple_overflow_elements, minmay_temple_entry_trees,
          basic_altar
D:8:      nicolae_overflow_crystal_walls, gammafunk_temple_overflow_wave,
          serial_shops, kennysheep_mini_moat, uniq_pikel
D:9:      minmay_curly_fans, lemuel_doored_altar
D:10:     minmay_lair_entry_lava, enter_trove_5, hangedman_fish_farm
D:11:     david_orc_5
Temple:   nicolae_temple_x_marks_the_god
Ossuary:  ossuary_minmay_four_chambers

Skill      XL: |  1  2  3  4  5  6  7  8  9 10 11 12 |
---------------+-------------------------------------+-----
Fighting       | 1 3 4 5 6 8 9 10 11 | 11.3
Armour         | 3 6 7 9 |  9.4
Axes           | 5 9 12 13 14 | 14.1
Shields        | 6 9 10 | 10.3
Invocations    | 5 8 |  8.2
Evocations     | 3 |  3.0
Dodging        | |  1.5
Stealth        | |  1.5
Spellcasting   | |  1.5
Transmutations | |  0.6
Earth Magic    | |  3.0

Action                   |  1- 3 |  4- 6 |  7- 9 | 10-12 || total
-------------------------+-------+-------+-------+-------++-------
Melee: Short sword       |    60 |   224 |   147 |       ||   431
       Dagger            |       |    75 |   579 |   536 ||  1190
       Hand axe          |       |       |    45 |    95 ||   140
       War axe           |       |       |       |   620 ||   620
 Cast: Sandblast         |    19 |    33 |    28 |       ||    80
Invok: Heroism           |       |       |       |    35 ||    35
       Finesse           |       |       |       |     1 ||     1
Evoke: Wand              |       |       |       |    12 ||    12
  Use: Scroll            |       |     4 |     8 |     9 ||    21
       Potion            |       |     1 |     3 |     6 ||    10
 Stab: Sleeping          |     5 |     2 |     1 |       ||     8
       Distracted        |       |       |     1 |       ||     1
  Eat: Chunk             |     2 |     7 |    16 |    35 ||    60
       Royal jelly       |       |     2 |       |     1 ||     3
       Meat ration       |       |       |     2 |       ||     2
       Fruit             |       |       |     2 |       ||     2
Armor: Robe              |    20 |    42 |    68 |       ||   130
       Chain mail        |       |       |   227 |   440 ||   667
Dodge: Dodged            |    54 |   202 |   347 |   284 ||   887
Block: Shield            |       |       |       |   683 ||   683

Table legend:
 A = Spawn XP
 B = Non-spawn XP
 C = Spawn XP percentage of total XP
 D = Spawn monster count
 E = Non-spawn monster count
 F = Spawn count percentage of total count
 G = Total turns spent on level
                    A         B        C        D         E        F      G
               +---------+---------+-------+---------+---------+-------+---------
         Total |    6596 |   22328 |  22.8 |      95 |     296 |  24.3 | 24068
               +---------+---------+-------+---------+---------+-------+---------
           D:1 |       2 |      39 |   4.9 |       2 |      13 |  13.3 |  1111
           D:2 |      22 |      79 |  21.8 |       6 |      24 |  20.0 |  1213
           D:3 |      17 |     231 |   6.9 |       4 |      30 |  11.8 |  1591
           D:4 |      40 |     485 |   7.6 |       1 |      27 |   3.6 |  1633
           D:5 |     217 |     438 |  33.1 |       7 |      17 |  29.2 |  2179
           D:6 |     371 |    1328 |  21.8 |      12 |      22 |  35.3 |  3011
           D:7 |     564 |    1706 |  24.8 |      13 |      20 |  39.4 |  2145
           D:8 |     858 |    2422 |  26.2 |       9 |      22 |  29.0 |  2287
           D:9 |     427 |    3839 |  10.0 |       8 |      30 |  21.1 |  2159
          D:10 |    1165 |    4914 |  19.2 |      17 |      39 |  30.4 |  3377
          D:11 |    2348 |    4580 |  33.9 |      13 |      44 |  22.8 |  1791
       Abyss:1 |     565 |    1964 |  22.3 |       3 |       3 |  50.0 |   468
       Ossuary |       0 |     303 |   0.0 |       0 |       5 |   0.0 |  1047
               +---------+---------+-------+---------+---------+-------+---------
